 Seeded DCSS version 0.30.0-11-gf55b779eaf (webtiles) character file.

Game seed: 5 (custom seed)

25 Kazon the Conjurer (level 2, 0/22 HPs)
             Began as a Draconian Conjurer on May 16, 2023.
             Frozen to death by an endoplasm (5 damage)
             ... on level 1 of the Dungeon.
             The game lasted 00:04:39 (763 turns).

Kazon the Conjurer (Draconian Conjurer)              Turns: 763, Time: 00:04:40

Health: 0/22       AC:  4    Str:  9    XL:     2   Next: 82%
Magic:  4/5        EV:  5    Int: 18    God:
Gold:   55         SH:  9    Dex:  9    Spells: 2/5 levels left

rFire   . . .        g - +0 short sword
rCold   . . .        c - +0 tower shield
rNeg    . . .        (body armour unavailable)
rPois   .            (helmet restricted)
rElec   .            (no cloak)
rCorr   .            (no gloves)
SInv    .            (no boots)
Will    .....        (no amulet)
Stlth   ++           (no ring)
HPRegen 0.23/turn    (no ring)
MPRegen 0.09/turn

%: no passive effects
@: very slightly contaminated, slowed, very slow
A: AC +4, unfitting armour, cold-blooded
a: no special abilities


You were on level 1 of the Dungeon.
You visited 1 branch of the dungeon, and saw 1 of its levels.

You collected 55 gold pieces.

Inventory:

Hand Weapons
 b - a +0 dagger
 g - a +0 short sword (weapon)
Missiles
 f - 3 boomerangs
 i - 2 stones
Armour
 c - a +0 tower shield (worn)
Scrolls
 e - a scroll of vulnerability {unknown}
Potions
 a - a potion of magic
 d - a potion of curing
 h - a potion of resistance {unknown}


   Skills:
 + Level 0.7 Fighting
 + Level 0.2 Short Blades
 + Level 0.1 Throwing
 + Level 2.0 Dodging
 + Level 2.0 Stealth
 + Level 2.0 Spellcasting
 + Level 4.5 Conjurations


You had 2 spell levels left.
You knew the following spells:

 Your Spells              Type           Power      Damage    Failure   Level
a - Magic Dart            Conj           72%        1d6       87%         1
b - Searing Ray           Conj           36%        2d5       95%         2

Your spell library contained the following spells:

 Spells                   Type           Power      Damage    Failure   Level
 Dazzling Flash           Conj/Hex       18%        N/A       100%        3
 Fulminant Prism          Conj/Hex       4%         3d5       100%        4
 Iskenderun's Mystic Bla  Conj/Tloc      9%         2d4       100%        4


Dungeon Overview and Level Annotations

Branches:
Dungeon (1/15)

Altars:


Innate Abilities, Weirdness & Mutations

Your plain brown scales are hard. (AC +4)
You cannot fit into any form of body armour.
You are cold-blooded and may be slowed by cold attacks.


Message History

The jackal is heavily wounded.
You block the jackal's attack. x2
You closely miss the jackal.
The jackal is heavily wounded.
The jackal bites you but does no damage. x2
You hit the jackal.
Your tail-slap misses the jackal.
The jackal is severely wounded.
The jackal bites you but does no damage. x2
The jackal barely misses you.
You hit the jackal but do no damage. You tail-slap the jackal.
You kill the jackal!
The endoplasm freezes you.
You are frozen.
Your Dodging skill increases to level 2!
You hit the endoplasm but do no damage. The endoplasm barely misses you.
You hit the endoplasm but do no damage.
The endoplasm jiggles.
The endoplasm freezes you.
You are frozen.
You feel yourself slow down.
The endoplasm hits you but does no damage.
You barely miss the endoplasm. You block the endoplasm's attack.
The endoplasm hits you but does no damage.
The endoplasm freezes you.
You are frozen.
You feel as though you will be slow longer.
You barely miss the endoplasm.
You tail-slap the endoplasm, but do no damage.
You block the endoplasm's attack. The endoplasm freezes you.
You are frozen.
* * * LOW HITPOINT WARNING * * *
Aiming: Magic Dart (safe; 87% risk of failure)
Press: ? - help, Q - select action, (/) - cycle Shift-Dir - straight line, f - endoplasm
Aim: an endoplasm (100% to hit)
You miscast Magic Dart.
You are very lightly contaminated with residual magic.
Nothing appears to happen.
The endoplasm freezes you.
You are frozen.
You die...

#....# #....+ #....#
.gh.h.. ##...# .....g.
#.### ...$....! #.#
.......... #.#
..h.......# #)#
..........# #@#
##..........# ###J#
#~♣♣♣P♣.....#.
###...##♣h~♣~~~~.... .
###...♣♣♣~~≈~~~P~~.... .
#...♣~)J~~≈≈≈~~~~♣### .
#.#♣P~~~~~≈≈≈~~~P~♣####.
#.~~~~~~~~~~~~~~~~~~....
#..~~PP~~~~P~~P..~~~....
##..~♣♣~~....~.~.~.....#


You could see an endoplasm.

Vanquished Creatures
  2 bats (D:1)
  4 endoplasms (D:1)
  A giant cockroach (D:1)
  4 goblins (D:1)
  A hobgoblin (D:1)
  3 jackals (D:1)
  A kobold (D:1)
  2 ball pythons (D:1)
  A frilled lizard (D:1)
  A rat (D:1)
20 creatures vanquished.

Notes
Turn   | Place    | Note
-------+----------+-------------------------------------------
     0 | D:1      | Kazon the Draconian Conjurer began the quest for the Orb.
     0 | D:1      | Reached XP level 1. HP: 14/14 MP: 3/3
   257 | D:1      | Reached XP level 2. HP: 20/20 MP: 1/5
   275 | D:1      | Learned a level 2 spell: Searing Ray
   763 | D:1      | Frozen to death by an endoplasm

Illustrated notes

Levels and vault maps discovered:
D:1:      ebering_trefoil_3fold, layout_basic, st_stairs_14, serial_bayou_ford_a

Skill      XL: |  1  2 |
---------------+-------+-----
Stealth        | 2 |  2.0
Dodging        | 2 |  2.0
Fighting       | |  0.7
Short Blades   | |  0.2
Throwing       | |  0.1
Spellcasting   | |  2.0
Conjurations   | |  4.5

Action                     || total
---------------------------++-------
  Melee: Unarmed           ||    13
         Dagger            ||    12
         Tailslap          ||    11
         Short sword       ||    65
  Throw: Boomerang         ||    11
   Cast: Magic Dart        ||    10
    Use: Potion            ||     1
   Stab: Sleeping          ||     1
 Armour: Skin              ||    64
  Dodge: Dodged            ||    37
  Block: Tower shield      ||    45
